 Dungeon Crawl Stone Soup version 0.23-a0-629-gae4348f (webtiles) character file.

24527 JimmyWheeler the Covert (level 13, -3/80 HPs)
             Began as a Kobold Conjurer on Dec 25, 2018.
             Was an Elder of Dithmenos.
             Slain by a meliai
             ... wielding a +1 hand axe of freezing
              (5 damage)
             ... on level 13 of the Dungeon on Dec 26, 2018.
             The game lasted 03:05:42 (19564 turns).

JimmyWheeler the Covert (Kobold Conjurer)          Turns: 19564, Time: 03:05:43

Health: -3/80      AC: 12    Str: 20    XL:     13   Next: 43%
Magic:  15/20      EV: 22    Int: 18    God:    Dithmenos [****..]
Gold:   336        SH:  0    Dex: 23    Spells: 7/22 levels left

rFire    . . .     SeeInvis +   i - +7 dagger "Hobrif" {drain, Str+4 Dex+3}
rCold    . . .     Gourm    .   (shield restricted)
rNeg     . . .     Faith    +   X - +4 ring mail of Follow the Leader {Str+5}
rPois    .         Spirit   .   W - +0 hat {SInv}
rElec    .         Reflect  .   z - +0 cloak
rCorr    .         Harm     .   P - +0 pair of gloves
MR       .....                  (no boots)
Stlth    ++++++++..             k - amulet of faith
HPRegen  0.23/turn              t - +4 ring of strength
MPRegen  0.17/turn              f - +3 ring of dexterity

@: confusing touch, wreathed by umbra
A: small, carnivore
a: Shadow Step, Renounce Religion


You were on level 13 of the Dungeon.
You worshipped Dithmenos.
Dithmenos was greatly pleased with you.
You were not hungry.

You visited 2 branches of the dungeon, and saw 14 of its levels.
You also visited: Sewer and Ossuary.

You collected 633 gold pieces.
You spent 297 gold pieces at shops.

Inventory:

Hand Weapons
 e - a +0 short sword
 i - the +7 dagger "Hobrif" (weapon) {drain, Str+4 Dex+3}
   (You found it on level 8 of the Dungeon)

   A truly terrible weapon, it drains the life of those it strikes.
   It affects your strength (+4).
   It affects your dexterity (+3).
 I - a +4 rapier
 J - a +1 dagger of holy wrath
Missiles
 j - 208 stones (quivered)
 s - 282 arrows
Armour
 l - a +0 ring mail
 v - a +0 helmet
 z - a +0 cloak (worn)
 N - a +0 troll leather armour
 P - a +0 pair of gloves (worn)
 W - a +0 hat of see invisible (worn)
 X - the +4 ring mail of Follow the Leader (worn) {Str+5}
   (You bought it in a shop on level 10 of the Dungeon)

   It affects your strength (+5).
Jewellery
 f - a +3 ring of dexterity (right hand)
 k - an amulet of faith (around neck)
 o - an uncursed amulet of rage
 t - a +4 ring of strength (left hand)
 w - a +3 ring of strength
 O - an uncursed ring of fire {unknown}
 S - an uncursed ring of magical power {unknown}
 U - an uncursed ring of positive energy
Wands
 a - a wand of scattershot (6)
 q - a wand of random effects (43)
 y - a wand of flame (24)
 A - a wand of acid (15)
 H - a wand of clouds (7)
 T - a wand of enslavement (14)
Scrolls
 b - a scroll of immolation {unknown}
 g - a scroll of enchant weapon
 m - 7 scrolls of remove curse
 u - 2 scrolls of noise
 E - a scroll of magic mapping {unknown}
 G - 3 scrolls of amnesia {unknown}
 Q - a scroll of holy word {unknown}
 R - a scroll of fog {unknown}
Potions
 d - 2 potions of lignification {unknown}
 h - 2 potions of berserk rage {unknown}
 n - 4 potions of flight
 p - 4 potions of agility
 r - 2 potions of might {unknown}
 x - 2 potions of heal wounds {unknown}
 B - 4 potions of brilliance
 C - 2 potions of curing
 D - 2 potions of resistance {unknown}
 F - 2 potions of ambrosia {unknown}
 K - a potion of mutation {unknown}
 L - 2 potions of invisibility {unknown}
 M - 2 potions of magic {unknown}
 V - 2 potions of degeneration {unknown}
Comestibles
 c - 20 rations


   Skills:
 - Level 9.0 Fighting
 - Level 10.0 Short Blades
 - Level 3.7 Armour
 + Level 9.9 Dodging
 + Level 13.2 Stealth
 + Level 5.0 Spellcasting
 - Level 10.8 Conjurations
 - Level 6.5 Hexes
 + Level 4.2 Invocations


You had 7 spell levels left.
You knew the following spells:

 Your Spells              Type           Power        Failure   Level  Hunger
a - Magic Dart            Conj           ####         1%          1    None
b - Searing Ray           Conj           #####.       1%          2    #......
c - Dazzling Spray        Conj/Hex       #####.       1%          3    ##.....
d - Iskenderun's Mystic   Conj           #####...     2%          4    ####...
e - Fulminant Prism       Conj/Hex       #####.....   6%          4    ####...
f - Confusing Touch       Hex            ####..       1%          1    None

Your spell library contained the following spells:

 Spells                   Type           Power        Failure   Level  Hunger
 Animate Skeleton         Necr           N/A          22%         1    None
 Apportation              Tloc           #.....       22%         1    None
 Summon Small Mammal      Summ           #...         22%         1    None
 Force Lance              Conj/Tloc      ###.....     22%         4    ####...


Dungeon Overview and Level Annotations

Branches:
Dungeon (13/15)            Temple (0/1) D:5            Lair (1/6) D:8
    Orc: D:9-12      Vaults: D:13-14

Altars:
Dithmenos
Fedhas
Makhleb
Okawaru
Qazlal
Ru
Trog
Wu Jian
Yredelemnul
Zin

Shops:
D:10 [

Annotations:
D:10 Harold


Innate Abilities, Weirdness & Mutations

You are small and have problems with some larger weapons.
You are carnivorous and can eat meat at any time.


Message History

The meliai stings you.
You are poisoned.
The meliai poisons you!
You feel better.
The meliai hits you with a +1 hand axe of freezing!
The meliai freezes you. The meliai misses you. The meliai closely misses you.
The meliai stings you!
* * * LOW HITPOINT WARNING * * *
You are poisoned.
The meliai poisons you!
You feel better.
The meliai hits you with a +1 hand axe of freezing!
* * * LOW HITPOINT WARNING * * *
The meliai freezes you.
* * * LOW HITPOINT WARNING * * *
The meliai stings you but does no damage.
The meliai hits you with a +1 hand axe of freezing!
* * * LOW HITPOINT WARNING * * *
The meliai freezes you.
You die...

##.######## #..# #.##
#...........# #..# #...
#..########.# #..# #.## #.)#
#.## #..#####.## #..# #.
(^.#####....<...##
#..#####.##..............###
#........##.###.>.....y..# #
#.#####...........(.O....###
#.# #.##@###...#..Oy...##
#.# ###.##y# #.$..<.)....##
#.# #....Oy###..#.##.....y.
#<####......)...>..###.##.#.
#............(.......... ...
######.......##..##.##.####.
#.......##..# .y .
###.....##..# # ###...# .#


You could see a two-headed ogre and 2 meliai.

Vanquished Creatures
  Gastronok (D:10)
  A centaur warrior (D:13)
  2 two-headed ogres
  Pikel (D:5)
  3 ugly things
  2 manticores (D:11)
  A cyclops (D:11)
  A spiny frog (Lair:1)
  A centaur skeleton (D:12)
  2 komodo dragons (Lair:1)
  A meliai (D:13)
  2 hornets
  3 trolls (D:9)
  3 slime creatures (D:13)
  3 blink frogs (Lair:1)
  3 hippogriffs
  A shadow (D:13)
  27 yaks
  A wyvern (D:11)
  4 hogs (D:7)
  A vampire (D:12)
  2 humans
  A steam dragon (D:9)
  4 water elementals (D:11)
  4 hungry ghosts
  3 vampire mosquitoes (D:13)
  A warg (D:9)
  A water moccasin (D:12)
  5 porcupines
  Purgy (Sewer)
  4 sky beasts
  An orc warrior (D:10)
  A black bear (D:6)
  3 ice beasts
  3 necrophages
  7 ogres
  5 centaurs
  2 crocodiles
  2 big kobolds
  13 bullfrogs
  3 elf zombies (Ossuary)
  A water moccasin zombie (D:6)
  A wyvern skeleton (D:13)
  11 killer bees
  7 scorpions
  3 wights (D:8)
  5 howler monkeys (D:10)
  11 crimson imps
  3 centaur zombies (Ossuary)
  2 bullfrog zombies
  4 quasits
  2 jellies
  6 human zombies (Ossuary)
  8 orc priests
  9 hounds
  Crazy Yiuf (D:3)
  14 orc wizards
  Natasha (thrice) (D:2)
  4 iguanas
  3 worker ants
  3 mummies (Ossuary)
  3 worker ant zombies
  4 gnolls (D:7)
  13 adders
  A howler monkey skeleton (D:4)
  2 shadow imps
  4 oozes
  An adder zombie (D:7)
  2 worms
  4 dart slugs
  5 leopard geckos
  44 orcs
  11 bats
  3 giant cockroaches
  11 goblins
  10 hobgoblins
  9 jackals
  20 kobolds
  5 quokkas
  3 ball pythons
  A ball python zombie (D:6)
  3 frilled lizards
  4 rats
394 creatures vanquished.

Vanquished Creatures (others)
  3 fulminant prisms
  5 fungi
  A plant (Lair:1)
9 creatures vanquished.

Grand Total: 403 creatures vanquished

Notes
Turn   | Place    | Note
-------+----------+-------------------------------------------
     0 | D:1      | JimmyWheeler the Kobold Conjurer began the quest for the
                  | Orb.
     0 | D:1      | Reached XP level 1. HP: 10/10 MP: 3/3
   124 | D:1      | Reached XP level 2. HP: 16/16 MP: 0/5
   189 | D:1      | Reached skill level 3 in Stealth
   430 | D:1      | Learned a level 2 spell: Searing Ray
   479 | D:1      | Reached XP level 3. HP: 20/20 MP: 0/6
   647 | D:1      | Reached skill level 1 in Fighting
  1219 | D:2      | Learned a level 3 spell: Dazzling Spray
  1244 | D:2      | Noticed Natasha
  1254 | D:2      | Killed Natasha
  1254 | D:2      | Reached XP level 4. HP: 21/25 MP: 0/7
  1455 | D:2      | Reached skill level 1 in Hexes
  1455 | D:2      | Reached XP level 5. HP: 29/29 MP: 1/8
  1688 | D:2      | Reached skill level 5 in Conjurations
  1764 | D:2      | Found a glowing silver altar of Zin.
  1764 | D:2      | Found a sacrificial altar of Ru.
  1766 | D:2      | Found an iron altar of Okawaru.
  1792 | D:2      | Reached skill level 4 in Stealth
  2022 | D:2      | Noticed Natasha
  2059 | D:2      | Killed Natasha
  2200 | D:2      | Noticed Natasha
  2203 | D:2      | Killed Natasha
  2203 | D:2      | Reached XP level 6. HP: 34/34 MP: 5/9
  2511 | D:3      | Found a bloodstained altar of Trog.
  3144 | D:3      | Found a runed door.
  3227 | D:3      | Found a faded altar of an unknown god.
  3304 | D:3      | Noticed Crazy Yiuf
  3308 | D:3      | Killed Crazy Yiuf
  3640 | D:4      | Noticed an ogre
  3647 | D:4      | Killed an ogre
  3647 | D:4      | Reached XP level 7. HP: 38/38 MP: 2/10
  3910 | D:4      | Reached skill level 5 in Stealth
  4530 | D:5      | Entered Level 5 of the Dungeon
  4639 | D:5      | Found a basalt altar of Yredelemnul.
  4665 | D:5      | Found a shadowy altar of Dithmenos.
  5009 | D:5      | Reached XP level 8. HP: 43/43 MP: 1/11
  5037 | D:5      | Found a sand-covered staircase.
  5059 | Ossuary  | Entered an ossuary
  5116 | Ossuary  | Reached skill level 5 in Dodging
  5222 | Ossuary  | Learned a level 4 spell: Iskenderun's Mystic Blast
  5339 | Ossuary  | Reached skill level 6 in Stealth
  5457 | Ossuary  | Reached skill level 1 in Short Blades
  6343 | Ossuary  | Reached skill level 7 in Stealth
  6525 | D:5      | Became a worshipper of Dithmenos the Shadowed
  6576 | D:5      | Noticed Pikel
  6606 | D:5      | Killed Pikel
  6606 | D:5      | Reached skill level 8 in Stealth
  6606 | D:5      | Reached XP level 9. HP: 23/47 MP: 3/14
  6956 | D:5      | Found a staircase to the Ecumenical Temple.
  7482 | D:6      | Found a glowing silver altar of Zin.
  7534 | D:6      | Reached skill level 5 in Short Blades
  7537 | D:6      | Found a glowing drain.
  7555 | Sewer    | Entered a sewer
  7612 | Sewer    | Reached skill level 9 in Stealth
  7731 | Sewer    | Noticed Purgy
  7745 | Sewer    | Killed Purgy
  7795 | Sewer    | Learned a level 4 spell: Fulminant Prism
  7942 | D:6      | Noticed a two-headed ogre
  7993 | D:6      | Reached * piety under Dithmenos
  8483 | D:6      | Killed a two-headed ogre
  8483 | D:6      | Reached XP level 10. HP: 18/56 MP: 4/16
  9466 | D:7      | Found an ornate altar of the Wu Jian Council.
  9748 | D:7      | You fall through a shaft for 2 floors!
  9754 | D:9      | Found a stormy altar of Qazlal.
 10152 | D:8      | Got a steaming dagger
 10153 | D:8      | Identified the +7 dagger "Hobrif" {drain, Str+4 Dex+3} (You
                  | found it on level 8 of the Dungeon)
 10222 | D:8      | Found a burning altar of Makhleb.
 10245 | D:8      | Reached skill level 10 in Stealth
 10727 | D:7      | Reached ** piety under Dithmenos
 10903 | D:7      | Reached skill level 1 in Armour
 11241 | D:8      | Reached XP level 11. HP: 61/61 MP: 11/17
 11434 | D:8      | Found a staircase to the Lair.
 12667 | D:9      | Reached *** piety under Dithmenos
 12902 | D:9      | Reached skill level 11 in Stealth
 12908 | D:9      | Reached skill level 5 in Fighting
 13005 | D:9      | Reached skill level 10 in Short Blades
 13159 | D:10     | Entered Level 10 of the Dungeon
 13164 | D:10     | Reached skill level 10 in Conjurations
 13655 | D:10     | Found Coohojeu's Antique Armour Shop.
 13690 | D:10     | Noticed Harold
 13871 | Lair:1   | Entered Level 1 of the Lair of Beasts
 14323 | Lair:1   | Reached XP level 12. HP: 53/68 MP: 13/18
 14486 | Lair:1   | Reached **** piety under Dithmenos
 15028 | D:11     | Reached skill level 12 in Stealth
 15493 | D:11     | Reached skill level 5 in Hexes
 16011 | D:10     | Reached skill level 1 in Invocations
 16156 | D:10     | Found a blossoming altar of Fedhas.
 16156 | D:10     | Noticed Gastronok
 16158 | D:10     | Killed Gastronok
 16179 | D:10     | Bought a heavily runed ring mail for 297 gold pieces
 16191 | D:10     | Identified the +4 ring mail of Follow the Leader {Str+5}
                  | (You bought it in a shop on level 10 of the Dungeon)
 16912 | D:11     | Reached XP level 13. HP: 37/78 MP: 9/19
 17878 | D:12     | Found an iron altar of Okawaru.
 17990 | D:12     | Learned a level 1 spell: Confusing Touch
 18666 | D:12     | Found a stormy altar of Qazlal.
 18945 | D:13     | Noticed a centaur warrior
 18984 | D:13     | Reached skill level 13 in Stealth
 19486 | D:13     | Killed a centaur warrior
 19490 | D:13     | Reached skill level 5 in Spellcasting
 19564 | D:13     | HP: 2/80 [meliai/+1 hand axe of freezing (13)]
 19564 | D:13     | Slain by a meliai

Vault maps used:
D:1:      psy_arrival_conway
D:2:      gammafunk_temple_overflow_claw, uniq_natasha
D:3:      overflow_temple_1_default, chequers_ecumenical_altar_lobes,
          minmay_quantized, uniq_crazy_yiuf_cottage
D:4:      first_ration, lightli_corner_chamber
D:5:      nicolae_overflow_crystal_walls, minmay_temple_entry_poolview,
          nicolae_ossuary_entry_false_entrances,
          nicolae_dithmenos_shadow_blocks, uniq_pikel
D:6:      cheibrodos_barr_body, portal_sewer_entry_d, basic_altar
D:7:      kennysheep_mini, grunt_livestock
D:8:      due_lair_maze_entry_diamond, serial_column_ruins,
          column_ruins_temple_circle, column_ruins_open_small,
          column_ruins_grid_3, column_ruins_corridor_straight
D:9:      basic_altar, minmay_misc_feat_rows, grunt_ministairs_15,
          minmay_misc_feat_pillars
D:10:     erik_orc_4, serial_shops, nicolae_shop_behind_doors, tgw_fedhas,
          uniq_gastronok, uniq_harold, uniq_fannar
D:11:     nicolae_underground_beach
D:12:     basic_altar, grunt_qazlal_clouds
D:13:     serial_glass, glass_columns_a, glass_columns_a
Lair:1:   basic_altar
Sewer:    sewer_the_crocodile
Ossuary:  ossuary_minmay_four_chambers

Skill      XL: |  1  2  3  4  5  6  7  8  9 10 11 12 13 |
---------------+----------------------------------------+-----
Stealth        | 3 4 5 8 9 10 11 12 13 | 13.2
Fighting       | 1 3 4 5 8 9 |  9.0
Dodging        | 3 4 5 6 7 9 |  9.9
Hexes          | 1 2 3 5 6 |  6.5
Conjurations   | 5 6 7 9 10 | 10.8
Short Blades   | 3 7 8 10 | 10.0
Spellcasting   | 3 4 5 |  5.0
Armour         | 1 2 3 |  3.7
Invocations    | 2 4 |  4.2

Action                   |  1- 3 |  4- 6 |  7- 9 | 10-12 | 13-15 || total
-------------------------+-------+-------+-------+-------+-------++-------
Melee: Unarmed           |     1 |       |       |       |       ||     1
       Short sword       |     9 |    14 |    33 |       |       ||    56
       Rapier            |       |       |    26 |    14 |       ||    40
       Dagger            |       |       |       |   311 |   108 ||   419
 Cast: Magic Dart        |    61 |    83 |   124 |   310 |    20 ||   598
       Searing Ray       |     3 |    16 |    54 |    98 |    18 ||   189
       Dazzling Spray    |       |       |     1 |     4 |     3 ||     8
       Iskenderun's Myst |       |       |     2 |     7 |       ||     9
       Fulminant Prism   |       |       |       |     3 |       ||     3
       Confusing Touch   |       |       |       |       |    14 ||    14
Invok: Shadow Step       |       |       |       |     1 |     1 ||     2
  Use: Scroll            |       |       |     9 |    14 |     2 ||    25
       Potion            |       |       |     1 |     1 |     4 ||     6
 Stab: Sleeping          |       |     4 |     8 |     8 |     8 ||    28
       Distracted        |       |       |       |     1 |       ||     1
       Invisible         |       |       |       |     1 |       ||     1
       Confused          |       |       |       |       |    11 ||    11
  Eat: Chunk             |     9 |     6 |    19 |    35 |     5 ||    74
       Ration            |       |       |     1 |       |       ||     1
Armor: Robe              |     4 |     2 |    12 |     8 |       ||    26
       Troll leather arm |       |       |       |    22 |       ||    22
       Ring mail         |       |       |       |     9 |    13 ||    22
Dodge: Dodged            |    24 |    14 |   113 |   372 |    88 ||   611

Table legend:
 A = Non-vault XP
 B = Vault XP
 C = Vault XP percentage of total XP
 D = Non-vault monster count
 E = Vault monster count
 F = Vault count percentage of total count
                 A         B        C        D         E       F
            +---------+---------+-------+---------+---------+-------
      Total |   26700 |    8339 |  23.8 |     319 |      75 |  19.0
            +---------+---------+-------+---------+---------+-------
        D:1 |      51 |       0 |   0.0 |      27 |       0 |   0.0
        D:2 |     186 |      36 |  16.2 |      22 |       1 |   4.3
        D:3 |     116 |      49 |  29.7 |      27 |       6 |  18.2
        D:4 |     367 |       0 |   0.0 |      11 |       0 |   0.0
        D:5 |     433 |     665 |  60.6 |      20 |       2 |   9.1
        D:6 |    1798 |     581 |  24.4 |      29 |      10 |  25.6
        D:7 |     898 |    1005 |  52.8 |      20 |       5 |  20.0
        D:8 |     765 |    1210 |  61.3 |      15 |      11 |  42.3
        D:9 |    2190 |     530 |  19.5 |      31 |       3 |   8.8
       D:10 |    2668 |    2586 |  49.2 |      23 |      12 |  34.3
       D:11 |    6056 |     810 |  11.8 |      41 |       4 |   8.9
       D:12 |    3185 |       0 |   0.0 |      19 |       0 |   0.0
       D:13 |    3718 |       0 |   0.0 |      16 |       0 |   0.0
     Lair:1 |    4269 |       0 |   0.0 |      18 |       0 |   0.0
      Sewer |       0 |     145 | 100.0 |       0 |       6 | 100.0
    Ossuary |       0 |     722 | 100.0 |       0 |      15 | 100.0
            +---------+---------+-------+---------+---------+-------
